 Dungeon Crawl Stone Soup version 0.17-a0-2147-gfb20a63 (webtiles) character file.

5051 radek the Infuser (level 10, -17/50 HPs)
             Began as a Deep Elf Conjurer on Oct 23, 2015.
             Was an Elder of Vehumet.
             Demolished by a tentacled starspawn (20 damage)
             ... on level 1 of the Abyss on Oct 24, 2015.
             The game lasted 01:08:27 (12493 turns).

radek the Infuser (Deep Elf Conjurer)              Turns: 12493, Time: 01:08:28

Health: -17/50     AC:  7    Str:  6    XL:     10   Next: 31%
Magic:  1/21       EV: 10    Int: 23    God:    Vehumet [****..]
Gold:   369        SH:  0    Dex: 15    Spells: 3 memorised, 14 levels left

rFire  . . .     SeeInvis .     Q - +2 dagger (speed)
rCold  . . .     Clarity  .     a - +0 robe
rNeg   . . .     SustAt   .     (no shield)
rPois  .         Gourm    .     D - +0 hat
rElec  .         Spirit   .     z - +0 cloak
rCorr  .         Warding  .     f - +1 pair of gloves
rMut   .         Stasis   .     (no boots)
MR     +....                    s - amulet of regeneration
Stlth  ++........               p - +2 ring of protection
                                (no ring)

@: about to teleport, constricted, somewhat resistant to hostile enchantments,
unstealthy
A: no striking features
a: Renounce Religion


You were on level 1 of the Abyss.
You worshipped Vehumet.
Vehumet was greatly pleased with you.
You were not hungry.

You visited 2 branches of the dungeon, and saw 9 of its levels.
You visited the Abyss 1 time.

You collected 468 gold pieces.
You spent 99 gold pieces at shops.

Inventory:

Hand Weapons
 l - a +4 quarterstaff of chaos
 u - a +3 flail of draining
 y - a +2 mace of protection
 A - a +2 mace of draining
 J - a +0 flail of protection
 L - a +1 spear of distortion
 Q - a +2 dagger of speed (weapon)
 T - a +1 short sword of protection
Armour
 a - a +0 robe (worn)
 f - a +1 pair of gloves (worn)
 z - a +0 cloak (worn)
 D - a +0 hat (worn)
Jewellery
 n - an uncursed ring of poison resistance
 p - a +2 ring of protection (right hand)
 s - an amulet of regeneration (around neck)
 R - an uncursed ring of loudness
Wands
 c - a wand of random effects (25)
 w - a wand of magic darts (48)
 B - a wand of frost (28)
 I - a wand of fireball (11)
 M - a wand of frost (20)
 P - a wand of draining (4)
 U - a wand of enslavement (7)
Scrolls
 d - 4 scrolls of identify
 q - a scroll of noise
 t - 2 scrolls of amnesia
 x - 2 scrolls of teleportation
 F - 3 scrolls of remove curse
 G - a scroll of magic mapping
 K - 2 scrolls of immolation {unknown}
Potions
 e - a potion of berserk rage {unknown}
 g - a potion of brilliance {unknown}
 h - a potion of curing
 i - 2 potions of heal wounds
 j - 2 potions of ambrosia {unknown}
 k - 3 potions of might
 m - 2 potions of degeneration
 o - a potion of cancellation {unknown}
 r - a potion of resistance {unknown}
 v - a potion of lignification {unknown}
 E - 4 potions of flight {unknown}
Books
 b - a book of Conjurations

   Spells                             Type                      Level
   a - Magic Dart                     Conjuration                  1
   b - Searing Ray                    Conjuration                  2
   c - Dazzling Spray                 Conjuration/Hexes            3
   d - Fulminant Prism                Conjuration/Hexes            4
   e - Iskenderun's Mystic Blast      Conjuration                  4
   f - Iskenderun's Battlesphere      Conjuration/Charms           5
 H - a book of Air

   Spells                             Type                      Level
   a - Shock                          Conjuration/Air              1
   b - Swiftness                      Charms/Air                   2
   c - Repel Missiles                 Charms/Air                   2
   d - Static Discharge               Conjuration/Air              3
   e - Lightning Bolt                 Conjuration/Air              5
 S - a book of Spatial Translocations

   Spells                             Type                      Level
   a - Apportation                    Translocation                1
   b - Blink                          Translocation                2
   c - Shroud of Golubria             Charms/Translocation         2
   d - Portal Projectile              Translocation                3
   e - Teleport Other                 Translocation                3
   f - Passage of Golubria            Translocation                4
Comestibles
 C - 9 fruits
 O - 12 chunks of flesh


   Skills:
 - Level 0.1 Maces & Flails
 - Level 2.4 Dodging
 - Level 2.4 Stealth
 - Level 6.4 Spellcasting
 - Level 8.4 Conjurations
 - Level 14.1 Charms
 * Level 8.4 Fire Magic
 + Level 0.2 Evocations


You had 14 spell levels left.
You knew the following spells:

 Your Spells              Type           Power        Failure   Level  Hunger
a - Magic Dart            Conj           ####         1%          1    None
b - Iskenderun's Battles  Conj/Chrm      ######..     1%          5    #####..
c - Flame Tongue          Conj/Fire      #####        1%          1    None


Dungeon Overview and Level Annotations

Branches:
Dungeon (8/15)             Temple (1/1) D:4
   Lair: D:8-11

Altars:
Ashenzari
Cheibriados
Dithmenos
Elyvilon
Fedhas
Gozag
Kikubaaqudgha
Makhleb
Nemelex Xobeh
Qazlal
Ru
Sif Muna
Trog
Vehumet
Xom
Yredelemnul
Zin
The Shining One

Shops:
D:4 !   D:5 (


Message History

Read which item? (? for menu, Esc to quit)
Okay, then.
Drink which item? (? for menu, Esc to quit)
Okay, then.
Read which item? (? for menu, Esc to quit)
As you read the scroll of teleportation, it crumbles to dust.
You feel strangely unstable.
You feel the power of the Abyss delaying your translocation!
The starspawn tentacle constricts you.
Your attempt to break free from the starspawn tentacle fails, but you feel that another attempt might succeed.
The tentacled starspawn bites you! The tentacled starspawn engulfs you!
The starspawn tentacle loses its grip on you.
The tentacle pulls you backwards!
The starspawn tentacle completely misses you.
The starspawn tentacle grabs you. The starspawn tentacle constricts you.
Your attempt to break free from the starspawn tentacle fails, but you feel that another attempt might succeed.
The tentacled starspawn bites you!
* * * LOW HITPOINT WARNING * * *
The tentacled starspawn engulfs you!!
You die...

# # # ## #
.##.###########......#
.........*....'.. .#
........w#*...#.. #
........@wX...# .....#
........wX....# .....#
###'#####.....#... . #
# .. #....##.... ..#
.. ..#.#### .#
........ ...# ........
. .# ......... . ##
....... ...


You could see 2 tentacled starspawn and 3 starspawn tentacles.

Vanquished Creatures
  Joseph (D:7)
  Grinder (D:5)
  Eustachio (D:5)
  Grum (D:8)
  Menkaure (D:5)
  Edmund (D:4)
  2 wolves (D:8)
  A water moccasin (D:6)
  Duvessa (D:7)
  2 orc warriors
  An eye of draining (D:5)
  6 ogres
  A necrophage (D:6)
  A centaur (D:7)
  A wasp (D:8)
  5 giant frogs
  A big kobold (D:8)
  Dowan (D:7)
  2 scorpions (D:6)
  5 killer bees (D:7)
  2 jellies
  3 crimson imps (D:5)
  4 orc priests
  A centaur skeleton (D:4)
  A centaur zombie (D:7)
  A giant frog zombie (D:5)
  9 worker ants
  2 gnoll shamans (D:5)
  5 hounds
  4 orc wizards
  Crazy Yiuf (D:4)
  A worker ant zombie (D:5)
  49 gnolls
  A shadow imp (D:8)
  14 adders
  A white imp (Abyss:1)
  2 oozes
  An adder skeleton (D:4)
  An adder zombie (D:5)
  5 worms
  5 giant geckos
  24 orcs
  4 ball pythons
  5 bats
  7 giant cockroaches
  14 hobgoblins
  26 jackals
  7 quokkas
  3 giant newts
  7 goblins
  A jackal zombie (D:6)
  15 kobolds
  2 quokka skeletons (D:5)
  5 rats
  A starspawn tentacle (Abyss:1)
270 creatures vanquished.

Vanquished Creatures (others)
  2 starspawn tentacles (Abyss:1)
  74 starspawn tentacle segments (Abyss:1)
76 creatures vanquished.

Grand Total: 346 creatures vanquished

Notes
Turn   | Place    | Note
--------------------------------------------------------------
     0 | D:1      | radek the Deep Elf Conjurer began the quest for the Orb.
     0 | D:1      | Reached XP level 1. HP: 10/10 MP: 6/6
   325 | D:1      | Reached XP level 2. HP: 15/15 MP: 6/8
   385 | D:1      | Reached skill level 5 in Conjurations
  1117 | D:2      | Reached XP level 3. HP: 19/19 MP: 0/9
  1604 | D:2      | Reached skill level 6 in Conjurations
  1653 | D:2      | Reached XP level 4. HP: 24/24 MP: 4/10
  2272 | D:2      | Found an opulent altar of Gozag.
  2707 | D:3      | Found a faded altar to an unknown god.
  2744 | D:2      | Reached skill level 7 in Conjurations
  2744 | D:2      | Reached XP level 5. HP: 21/28 MP: 2/11
  2820 | D:2      | Learned a level 5 spell: Iskenderun's Battlesphere
  2925 | D:3      | Found a shimmering altar of Xom.
  3151 | D:3      | Found a shattered altar of Ashenzari.
  3155 | D:3      | Reached skill level 1 in Charms
  3615 | D:4      | Noticed an ogre
  3619 | D:4      | Killed an ogre
  3638 | D:4      | Reached XP level 6. HP: 32/32 MP: 0/12
  3747 | D:4      | Reached skill level 5 in Charms
  3858 | D:4      | Found Idauwy's Distillery.
  3862 | D:4      | Bought a potion of heal wounds for 55 gold pieces
  3862 | D:4      | Bought a potion of degeneration for 11 gold pieces
  3862 | D:4      | Bought a potion of curing for 33 gold pieces
  4327 | D:4      | Noticed Crazy Yiuf
  4401 | D:4      | Killed Crazy Yiuf
  4423 | D:4      | Noticed Edmund
  4483 | D:4      | Killed Edmund
  4604 | D:4      | Reached XP level 7. HP: 36/36 MP: 3/13
  4692 | D:4      | Reached skill level 8 in Charms
  4894 | D:4      | Noticed an ogre
  4897 | D:4      | Killed an ogre
  4898 | D:4      | Reached skill level 9 in Charms
  4917 | D:4      | Noticed an ogre
  4921 | D:4      | Killed an ogre
  5224 | D:4      | Found a staircase to the Ecumenical Temple.
  5436 | Temple   | Entered the Ecumenical Temple
  5457 | Temple   | Became a worshipper of Vehumet
  5655 | D:5      | Entered Level 5 of the Dungeon
  5787 | D:5      | Reached skill level 10 in Charms
  5923 | D:5      | Found Lij Emi's Antique Weapon Shop.
  6556 | D:5      | Noticed Eustachio
  6564 | D:5      | Killed Eustachio
  6564 | D:5      | Reached skill level 11 in Charms
  6564 | D:5      | Reached XP level 8. HP: 41/41 MP: 4/14
  6849 | D:5      | Noticed Grinder
  7220 | D:5      | Killed Grinder
  7220 | D:5      | Reached skill level 12 in Charms
  7704 | D:5      | Reached skill level 13 in Charms
  7715 | D:5      | Reached * piety under Vehumet
  7715 | D:5      | Offered knowledge of Flame Tongue by Vehumet.
  7975 | D:5      | Noticed Menkaure
  7979 | D:5      | Killed Menkaure
  8212 | D:5      | Reached skill level 14 in Charms
  8582 | D:5      | Learned a level 1 spell: Flame Tongue
  8630 | D:5      | Reached XP level 9. HP: 45/45 MP: 6/15
  8907 | D:5      | Noticed a hill giant
  9183 | D:5      | Offered knowledge of Throw Flame by Vehumet.
  9293 | D:5      | Reached ** piety under Vehumet
  9695 | D:6      | Reached skill level 5 in Spellcasting
 10051 | D:6      | Found a glowing golden altar of the Shining One.
 10255 | D:7      | Reached skill level 1 in Fire Magic
 10270 | D:7      | Offered knowledge of Throw Frost by Vehumet.
 10477 | D:7      | Found a sparkling altar of Nemelex Xobeh.
 10518 | D:7      | Noticed Joseph
 10882 | D:7      | Noticed Duvessa
 10882 | D:7      | Noticed Dowan
 10886 | D:7      | Killed Duvessa
 10886 | D:7      | Reached *** piety under Vehumet
 10888 | D:7      | Killed Dowan
 10979 | D:7      | Reached skill level 5 in Fire Magic
 11176 | D:7      | Killed Joseph
 11176 | D:7      | Reached XP level 10. HP: 33/50 MP: 7/21
 11326 | D:8      | Upgraded the game from 0.17-a0-2127-g1cb09f6 to 0.17-a0-2147-gfb20a63
 11350 | D:8      | Found a basalt altar of Yredelemnul.
 11751 | D:8      | Offered knowledge of Ignite Poison by Vehumet.
 11972 | D:8      | Noticed Grum
 11979 | D:8      | Killed Grum
 12216 | D:8      | Found a deep blue altar of Sif Muna.
 12240 | D:8      | Reached **** piety under Vehumet
 12251 | D:8      | Offered knowledge of Venom Bolt by Vehumet.
 12432 | D:8      | Cast into the Abyss (a distortion unwield)
 12441 | Abyss:1  | Found a corrupted altar of Lugonu.
 12478 | Abyss:1  | Noticed a tentacled starspawn
 12485 | Abyss:1  | Noticed a tentacled starspawn
 12493 | Abyss:1  | Demolished by a tentacled starspawn

Vault maps used:
D:1:      evilmike_arrival_crescent, minmay_misc_feat_columns
D:2:      lemuel_round_altar, serial_forest, infiniplex_forest_clump_small,
          infiniplex_forest_clump_large, infiniplex_forest_lined_3_way,
          infiniplex_forest_straight_2, infiniplex_forest_diagonal,
          infiniplex_forest_lined_3
D:3:      nicolae_overflow_hidden_temple, nicolae_ashenzari_panopticon,
          ecumenical_altar_2
D:4:      minmay_temple_entry_poolview, serial_shops, nicolae_shop_crystal,
          first_bread, uniq_edmund, uniq_crazy_yiuf_cottage
D:5:      lemuel_castle_with_subvaults, serial_shops,
          nicolae_shop_overgrown_old_shop, serial_bayou_pond_b, uniq_menkaure,
          uniq_eustachio, uniq_grinder
D:6:      nicolae_tso_swordbearing_angel
D:7:      nemelex_xobeh_ov_fountains_minmay, uniq_duvessa, uniq_joseph
D:8:      corexii_shack_village, overflow_temple_1_default,
          lemuel_zombie_altar_yredelemnul, basic_altar, minmay_misc_feat_square,
          uniq_grum
Temple:   water_room_temple_b_12

Action                   |  1- 3 |  4- 6 |  7- 9 | 10-12 || total
-------------------------+-------+-------+-------+-------++-------
Melee: Unarmed           |       |     2 |       |       ||     2
       Mace              |       |     4 |     1 |     3 ||     8
 Cast: Magic Dart        |    71 |   120 |   351 |   119 ||   661
       Iskenderun's Batt |       |     6 |    43 |    12 ||    61
       Flame Tongue      |       |       |     3 |     1 ||     4
  Use: Scroll            |       |     7 |     4 |     2 ||    13
       Potion            |       |       |       |     1 ||     1
  Eat: Chunk             |     2 |    10 |     8 |     4 ||    24
       Meat ration       |       |     1 |     2 |       ||     3
       Bread ration      |       |       |     3 |       ||     3
       Beef jerky        |       |       |     1 |     2 ||     3
       Fruit             |       |       |       |     1 ||     1
